 Dungeon Crawl Stone Soup version 0.20.1-1-g8b1a95d (webtiles) character file.

62 slep the Skirmisher (level 3, -1/29 HPs)
             Began as a Demonspawn Abyssal Knight on Oct 31, 2017.
             Was a Believer of Lugonu.
             Slain by a gnoll (6 damage)
             ... on level 2 of the Dungeon.
             The game lasted 00:07:27 (813 turns).

slep the Skirmisher (Demonspawn Abyssal Knight)      Turns: 813, Time: 00:07:28

Health: -1/29      AC:  5    Str: 13    XL:     3   Next: 85%
Magic:  5/5        EV: 11    Int: 13    God:    Lugonu [**....]
Gold:   97         SH:  0    Dex: 12    Spells: 2/2 levels left

rFire    . . .     SeeInvis .   a - +1 falchion
rCold    . . .     Gourm    .   (no shield)
rNeg     . . .     Faith    .   b - +0 leather armour
rPois    .         Spirit   .   g - +0 helmet
rElec    .         Reflect  .   (no cloak)
rCorr    .         Harm     .   l - +0 pair of gloves
MR       .....                  (no boots)
Stlth    +.........             (no amulet)
Regen    0.1/turn               h - ring of wizardry
MPRegen  0.1/turn               (no ring)

@: no status effects
A: powered by pain 1
a: Depart the Abyss, Bend Space, Renounce Religion


You were on level 2 of the Dungeon.
You worshipped Lugonu.
Lugonu was pleased with you.
You were not hungry.

You visited 1 branch of the dungeon, and saw 2 of its levels.
You visited the Abyss 1 time.

You collected 97 gold pieces.

Inventory:

Hand Weapons
 a - a +1 falchion (weapon)
 k - a +2 mace of holy wrath
Armour
 b - a +0 leather armour (worn)
 g - a +0 helmet (worn)
 l - a +0 pair of gloves (worn)
Jewellery
 h - a ring of wizardry (left hand)
Scrolls
 d - 5 scrolls of remove curse {unknown}
 e - 3 scrolls of identify {unknown}
 j - a scroll of magic mapping {unknown}
Potions
 f - a potion of ambrosia {unknown}
 i - 2 potions of heal wounds {unknown}
Comestibles
 c - 2 bread rations
 m - a chunk of flesh


   Skills:
 + Level 3.5 Fighting
 + Level 2.9 Long Blades
 + Level 2.1 Armour
 + Level 1.1 Dodging
 + Level 2.7 Invocations


You had 2 spell levels left.
You didn't know any spells.

Dungeon Overview and Level Annotations

Branches:
Dungeon (2/15)

Altars:


Innate Abilities, Weirdness & Mutations

You sometimes gain a little power by taking damage.


Message History

You hit the gnoll but do no damage.
The gnoll is moderately wounded.
The gnoll hits you but does no damage.
You hit the gnoll.
The gnoll is severely wounded.
The gnoll hits you but does no damage. The gnoll completely misses you.
You hit the gnoll but do no damage.
The gnoll is severely wounded.
The gnoll hits you.
You hit the gnoll but do no damage.
The gnoll is severely wounded.
The gnoll hits you.
* * * LOW HITPOINT WARNING * * *
You barely miss the gnoll.
The gnoll is severely wounded.
The gnoll hits you but does no damage.
You barely miss the gnoll.
The gnoll is severely wounded.
The gnoll hits you.
You die...

.....#
###.#.###..#
.....#
#...#......#
.....#
#.########.#
....##
#.....#..#.#
....#
#####.#..#(#
....#
#.#.##.#
...#
#.#.(..#
##+#
####(..#
#@### #g#
...Ko.'K#
≈≈≈≈≈≈###
.#.#.# # ##


You could see a gnoll and a kobold.

Vanquished Creatures
  An adder (D:2)
  2 oozes (D:2)
  2 dart slugs (D:2)
  2 leopard geckos (D:1)
  An orc (D:2)
  5 giant cockroaches
  3 goblins (D:1)
  3 hobgoblins
  6 bats
  6 frilled lizards
  A kobold (D:2)
  8 rats
40 creatures vanquished.

Notes
Turn   | Place    | Note
-------+----------+-------------------------------------------
     0 | Abyss:1  | slep the Demonspawn Abyssal Knight began the quest for the Orb.
     0 | Abyss:1  | Reached XP level 1. HP: 18/18 MP: 2/2
    60 | Abyss:1  | Noticed a demonic crawler
    74 | Abyss:1  | Noticed a small abomination
    76 | Abyss:1  | Noticed a lich
    79 | D:1      | Escaped the Abyss
   113 | D:1      | Reached * piety under Lugonu
   225 | D:1      | Gained mutation: You sometimes gain a little power by taking damage. [demonic ancestry]
   225 | D:1      | Reached XP level 2. HP: 19/24 MP: 4/4
   395 | D:1      | Reached skill level 1 in Dodging
   605 | D:2      | Reached XP level 3. HP: 27/29 MP: 5/5
   802 | D:2      | Reached ** piety under Lugonu
   813 | D:2      | Slain by a gnoll

Skill      XL: |  1  2 |
---------------+-------+-----
Long Blades    | 2 |  2.9
Armour         | 2 |  2.1
Dodging        | 1 |  1.1
Fighting       | |  3.5
Invocations    | |  2.7

Action                   || total
-------------------------++-------
Melee: Falchion          ||   118
Invok: Depart the Abyss  ||     1
Armor: Leather armour    ||    50
Dodge: Dodged            ||    89
       Rpst.: Falchion   ||    25
